 Dungeon Crawl Stone Soup version 0.31-a0-986-g5e6e4ef867 (webtiles) character file.

Game seed: 15632373990399732652

2440 grandjackal the Trooper (level 9, -9/55 (71) HPs)
             Began as a Demonspawn Gladiator on Nov 20, 2023.
             Was a Follower of Okawaru.
             Killed by divine providence
             ... invoked by Jeremiah
              (13 damage)
             ... on level 8 of the Dungeon.
             The game lasted 00:11:03 (6873 turns).

grandjackal the Trooper (Demonspawn Gladiator)      Turns: 6873, Time: 00:11:04

HP:   -9/55 (71)    AC: 22    Str: 19    XL:     9   Next: 25%
MP:   11/11         EV: 14    Int: 16    God:    Okawaru [*.....]
Gold: 175           SH:  0    Dex: 20    Spells: 8/8 levels left

rFire   + + .        G - +3 great sword (freeze)
rCold   . . .        (shield currently unavailable)
rNeg    . . .        E - +10 chain mail "Becvafin" {rF++}
rPois   .            (helmet restricted)
rElec   .            (no cloak)
rCorr   .            q - +1 Delatra's gloves {ID++}
SInv    .            t - +0 pair of boots
Will    .....        (no amulet) Stlth
                     h - +6 ring of dexterity
HPRegen 0.29/turn    i - +6 ring of intelligence
MPRegen 0.12/turn

%: no passive effects
@: mighty, heavily drained
A: antennae 1, repulsion field 2, foul stench 1, powered by pain 1
a: Renounce Religion, Heroism


You were on level 8 of the Dungeon.
You worshipped Okawaru.
Okawaru was aware of your devotion.
You visited 2 branches of the dungeon, and saw 9 of its levels.

You collected 175 gold pieces.

Inventory:

Hand Weapons
 a - a +0 long sword
 c - a +2 dagger of venom
 y - a +2 short sword of electrocution
 A - a +0 falchion of flaming
 D - a +2 dagger of venom
 G - a +3 great sword of freezing (weapon)
Missiles
 d - 3 throwing nets (quivered)
 e - a javelin
Armour
 q - the +1 Delatra's gloves (worn) {ID++}
   (You found it on level 2 of the Dungeon)

   ID++:      It heals its wearer when they drink unknown potions, and restores
   their MP when they read unknown scrolls.
 t - a +0 pair of boots (worn)
 E - the +10 chain mail "Becvafin" (worn) {rF++}
   (You found it on level 6 of the Dungeon)

   rF++:      It greatly protects you from fire.
Jewellery
 h - a +6 ring of dexterity (left hand)
 i - a +6 ring of intelligence (right hand)
 v - a ring of magical power
Wands
 u - a wand of paralysis (7)
 B - a wand of light (7)
 I - a wand of polymorph (12)
Scrolls
 f - 3 scrolls of blinking {unknown}
 j - 3 scrolls of identify {unknown}
 m - a scroll of silence {unknown}
 n - 5 scrolls of teleportation {unknown}
 o - 2 scrolls of revelation {unknown}
 p - a scroll of butterflies {unknown}
 r - a scroll of enchant armour {unknown}
 w - a scroll of noise {unknown}
 F - a scroll of poison {unknown}
 H - a scroll of fear {unknown}
 J - a scroll of immolation {unknown}
Potions
 b - 2 potions of invisibility {unknown}
 g - a potion of might {unknown}
 k - 2 potions of heal wounds {unknown}
 l - 5 potions of curing {unknown}
 s - 2 potions of enlightenment {unknown}
 x - a potion of brilliance {unknown}
 z - a potion of berserk rage {unknown}
 C - a potion of mutation {unknown}


   Skills:
 + Level 6.7 Fighting
 + Level 6.5 Long Blades
 - Level 2.0 Throwing
 - Level 4.1 Armour
 + Level 6.5 Dodging
 + Level 3.0 Invocations


You had 8 spell levels left.
You didn't know any spells.
Your spell library contained the following spells:

 Spells                   Type           Power      Damage    Failure   Level
 Manifold Assault         Tloc           0%         N/A       100%        4
 Dispersal                Tloc           0%         N/A       100%        6
 Disjunction              Tloc           0%         N/A       100%        8


Dungeon Overview and Level Annotations

Branches:
Dungeon (8/15)             Temple (1/1) D:7
   Lair: D:8-11

Altars:
Ashenzari
Cheibriados
Dithmenos
Fedhas
Gozag
Hepliaklqana
Kikubaaqudgha
Makhleb
Nemelex Xobeh
Okawaru
Qazlal
Ru
Sif Muna
Trog
Uskayaw
Vehumet
Wu Jian
Xom
Yredelemnul

Annotations:
D:4 2 transporters
D:8 Jeremiah


Innate Abilities, Weirdness & Mutations

You have a pair of small antennae on your head.
You are surrounded by a moderate repulsion field. (EV +3)
You may rarely emit foul miasma when damaged in melee.
You sometimes gain a little power by taking damage.


Message History

You slice the butterfly!! You freeze the butterfly.
You kill the butterfly!
The butterfly disappears in a burst of colours!
You miss the butterfly. Jeremiah barely misses you. x2
You slice the butterfly!! You freeze the butterfly.
You kill the butterfly!
The butterfly disappears in a burst of colours!
You feel a little less agile now.
The butterfly disappears in a burst of colours! x2
Jeremiah hits you but does no damage.
You feel drained.
You barely miss the butterfly.
The butterfly disappears in a burst of colours!
Jeremiah lets out a twisted cry.
Something smites you!
You barely miss the butterfly.
The butterfly disappears in a burst of colours!
Jeremiah completely misses you. Jeremiah barely misses you.
You slash the butterfly! You freeze the butterfly.
You kill the butterfly!
The butterfly disappears in a burst of colours! x2
Jeremiah cries, "Fearful master, protect me!"
Something smites you!
You closely miss the butterfly.
The butterfly disappears in a burst of colours!
Jeremiah hits you from afar with a +3 trident of draining.
You feel drained.
Jeremiah hits you from afar with a +3 trident of draining.
* * * LOW HITPOINT WARNING * * *
You feel drained.
* * * LOW HITPOINT WARNING * * *
Jeremiah throws their arms up pleadingly.
Something smites you!
* * * LOW HITPOINT WARNING * * *
You focus on the pain.
You feel very mighty all of a sudden.
Jeremiah's eyes momentarily flash bright red.
Jeremiah mumbles a slurred invocation.
Something smites you!
You die...
Jeremiah wails, "I didn't mean to kill anyone!
I'm not a murderer!"

##...## #b# ##+##
#.# #. #.##### #.
#.....# ###.##
#####.# .....##
#.# .....<######
#.# #....###..{#
#.#
.....b.bbbb#####@#
#..#####.bFbbbb..#
#.. ###########
... ##


You could see Jeremiah.

Vanquished Creatures
  Eustachio (D:4)
  A wyvern (D:7)
  Edmund (D:5)
  Duvessa (D:7)
  A water moccasin (D:5)
  2 ogres (D:5)
  A phantom (D:5)
  2 kobold brigands
  A bullfrog (D:7)
  A gnoll sergeant (D:6)
  4 wights
  Dowan (D:7)
  A howler monkey (D:7)
  4 hounds
  2 orc priests
  2 gnoll boudas
  A jelly (D:5)
  A sleepcap (D:7)
  2 orc wizards
  7 iguanas
  31 gnolls
  10 adders
  A shadow imp (D:5)
  2 white imps
  A dart slug (D:1)
  19 orcs
  7 ball pythons
  2 endoplasms
  2 giant cockroaches
  8 goblins
  2 hobgoblins
  2 jackals (D:5)
  18 kobolds
  2 quokkas (D:3)
  6 bats
  A rat (D:2)
151 creatures vanquished.

Notes
Turn   | Place    | Note
-------+----------+-------------------------------------------
     0 | D:1      | grandjackal the Demonspawn Gladiator began the quest for
                  | the Orb.
     0 | D:1      | Reached XP level 1. HP: 16/16 MP: 1/1
   249 | D:1      | Gained mutation: You sometimes gain a little power by
                  | taking damage. [demonic ancestry]
   249 | D:1      | Reached XP level 2. HP: 21/22 MP: 2/2
   399 | D:1      | Reached XP level 3. HP: 27/28 MP: 3/3
   801 | D:1      | Reached skill level 1 in Armour
   846 | D:1      | Gained mutation: You are surrounded by a mild repulsion
                  | field. (EV +2) [demonic ancestry]
   846 | D:1      | Reached XP level 4. HP: 32/34 MP: 4/4
  1230 | D:2      | Found the +1 Delatra's gloves {ID++}
  1385 | D:2      | Found a snail-covered altar of Cheibriados.
  1603 | D:3      | Reached XP level 5. HP: 41/41 MP: 5/5
  1684 | D:3      | You fall into a shaft and drop 1 floor!
  2662 | D:4      | Gained mutation: You may rarely emit foul miasma when
                  | damaged in melee. [demonic ancestry]
  2662 | D:4      | Reached XP level 6. HP: 44/47 MP: 6/6
  2784 | D:4      | Noticed Eustachio
  2824 | D:4      | Killed Eustachio
  3006 | D:4      | Found a transporter.
  3008 | D:4      | Noticed a wyvern
  3011 | D:4      | Found a transporter.
  3020 | D:4      | Found an ornate altar of the Wu Jian Council.
  3167 | D:5      | Entered Level 5 of the Dungeon
  3210 | D:5      | Gained mutation: You are surrounded by a moderate repulsion
                  | field. (EV +3) [demonic ancestry]
  3210 | D:5      | Reached XP level 7. HP: 54/54 MP: 7/7
  3776 | D:5      | Reached skill level 5 in Fighting
  3776 | D:5      | Reached skill level 5 in Long Blades
  3776 | D:5      | Reached skill level 5 in Dodging
  3776 | D:5      | Reached XP level 8. HP: 56/62 MP: 8/8
  4003 | D:6      | Noticed Edmund
  4020 | D:5      | Killed Edmund
  4486 | D:6      | Identified the +10 chain mail "Becvafin" {rF++}
  5431 | D:7      | Found a staircase to the Ecumenical Temple.
  5441 | Temple   | Entered the Ecumenical Temple
  5473 | Temple   | Became a worshipper of Warmaster Okawaru
  5869 | D:7      | Reached skill level 1 in Invocations
  5869 | D:7      | Gained mutation: You have a pair of small antennae on your
                  | head. [demonic ancestry]
  5869 | D:7      | Reached XP level 9. HP: 60/71 MP: 8/10
  6066 | D:7      | Noticed Duvessa
  6066 | D:7      | Noticed Dowan
  6152 | D:7      | Killed Duvessa
  6152 | D:7      | Reached * piety under Okawaru
  6153 | D:7      | Killed Dowan
  6451 | D:8      | Noticed Jeremiah
  6873 | D:8      | Killed from afar by Jeremiah

Illustrated notes

Levels and vault maps discovered:
D:1:      elethiomel_arrival_infinity_welcomes_careful_drivers, layout_rooms
D:2:      layout_loops_ring, basic_altar, dreamdust_princess_bridge,
          pf_guarded_unrand_delatra
D:3:      layout_basic
D:4:      layout_rooms, gammafunk_temple_overflow_arena, interstate_on_off,
          uniq_eustachio
D:5:      layout_basic, kennysheep_generic_room_13
D:6:      layout_cave_pools, uniq_edmund
D:7:      dreamdust_elfheim, layout_basic, minmay_temple_entry_proselytizer,
          kennysheep_big_empty_room
D:8:      layout_loops_corners, dpeg_oklobed_lair, uniq_jeremiah
Temple:   mainiacjoe_temple_archimedes_tessellation

Skill      XL: |  1  2  3  4  5  6  7  8  9 |
---------------+----------------------------+-----
Throwing       | 2 |  2.0
Long Blades    | 3 4 5 6 |  6.5
Dodging        | 3 4 5 6 |  6.5
Armour         | 1 2 3 4 |  4.1
Fighting       | 3 4 5 6 |  6.7
Invocations    | 1 3 |  3.0

Action                     |  1- 3 |  4- 6 |  7- 9 || total
---------------------------+-------+-------+-------++-------
  Melee: Long sword        |    49 |   143 |   211 ||   403
         Punch             |     1 |     2 |     1 ||     4
         Short sword       |       |    26 |    29 ||    55
         Great sword       |       |       |    91 ||    91
  Throw: Throwing net      |       |     1 |     2 ||     3
  Evoke: Wand              |       |       |     1 ||     1
   Stab: Sleeping          |       |     1 |       ||     1
         Held in net/web   |       |     1 |     2 ||     3
 Armour: Ring mail         |    30 |   130 |    79 ||   239
         Leather armour    |     2 |       |       ||     2
         Chain mail        |       |       |   155 ||   155
         Skin              |       |       |     1 ||     1
  Dodge: Dodged            |    35 |   227 |   276 ||   538

Table legend: (Time is in decaauts)
 A = Elapsed time spent in this place.
 B = Non-inter-level travel time spent in this place.
 C = Inter-level travel time spent in this place.
 D = Time resting spent in this place.
 E = Time spent auto-exploring this place.
 F = Levels seen in this place.
 G = Mean time per level.
                   A        B        C        D        E       F      G
               +--------+--------+--------+--------+--------+-----+--------+
         Total |   6976 |   6631 |    345 |   1189 |   3839 |   9 |  775.1 |
       Dungeon |   6921 |   6598 |    323 |   1189 |   3839 |   8 |  865.1 |
        Temple |     54 |     32 |     22 |      0 |      0 |   1 |   54.0 |
               +--------+--------+--------+--------+--------+-----+--------+

Top non-repeatable levels by time:
     D:5: 1368 daAuts
     D:7: 1275 daAuts
     D:3: 1025 daAuts
     D:6: 910 daAuts
     D:2: 822 daAuts
     D:1: 741 daAuts
     D:4: 621 daAuts
     D:8: 156 daAuts
  Temple: 54 daAuts
